 Dungeon Crawl Stone Soup version 0.31-a0-983-g7b6862f502 (webtiles) character file.

Game seed: 11327477080041100678

128 gelatine the Ruffian (level 4, 0/41 HPs)
             Began as a Troll Shapeshifter on Nov 2, 2023.
             Succumbed to an orc priest's poison
             ... on level 4 of the Dungeon.
             The game lasted 00:04:17 (1990 turns).

gelatine the Ruffian (Troll Shapeshifter)           Turns: 1990, Time: 00:04:18

Health: 0/41       AC:  4    Str: 24    XL:     4   Next: 87%
Magic:  3/3        EV:  9    Int:  6    God:
Gold:   86         SH:  0    Dex:  9    Spells: 3/3 levels left

rFire   . .          .
                       - Unarmed
rCold   . . .        (no shield)
rNeg    + . .        a - +0 animal skin
rPois   .            (helmet currently unavailable)
rElec   .            (cloak currently unavailable)
rCorr   .            (gloves unavailable)
SInv    .            (boots unavailable)
Will    .....        (no amulet)
Stlth   +            e - ring of positive energy
HPRegen 1.06/turn    (no ring)
MPRegen 0.08/turn

%: no passive effects
@: lethally poisoned (0 -> -3), beast-form, attractive
A: beast (slay +2), large, unfitting armour, claws 3, regeneration 1, shaggy fur
1, tough skin 1
a: Begin Untransformation


You were on level 4 of the Dungeon.
You were a hulking beast.
You visited 1 branch of the dungeon, and saw 4 of its levels.

You collected 86 gold pieces.

Inventory:

Missiles
 g - 35 stones (quivered)
 l - 5 boomerangs
Armour
 a - a +0 animal skin (worn)
Jewellery
 e - a ring of positive energy (left claw)
Talismans
 c - a beast talisman
 d - a flux talisman
Scrolls
 f - 3 scrolls of blinking {unknown}
 h - 3 scrolls of identify {unknown}
 i - a scroll of acquirement {unknown}
 j - a scroll of fog {unknown}
 k - a scroll of enchant armour {unknown}
 m - a scroll of revelation {unknown}
 n - a scroll of teleportation {unknown}
 p - 3 scrolls of vulnerability {unknown}
Potions
 b - a potion of lignification
 q - a potion of enlightenment {unknown}


   Skills:
 * Level 1.5 Fighting
 + Level 1.8 Dodging
 + Level 0.6 Stealth
 + Level 4.3 Unarmed Combat
 * Level 3.6 Shapeshifting


You had 3 spell levels left.
You didn't know any spells.
Your spell library was empty.

Dungeon Overview and Level Annotations

Branches:
Dungeon (4/15)
 Temple: D:4-7

Altars:
Qazlal
The Shining One


Innate Abilities, Weirdness & Mutations

You are a hulking beast.
Your limbs bulge with bestial killing power. (Slay +2)
You are too large for most types of armour.
You have claws for hands.
Your natural rate of healing is unusually fast.
You are covered in fur. (AC +1)
You have tough skin. (AC +1)


Message History

3 orcs come into view.
An orc is wielding a +2 war axe of freezing.
The orc moves out of view.
An orc and an orc priest come into view.
The orc priest is wielding a +2 hand axe of venom.
The orc shouts!
The orc priest shouts!
The orc closely misses you.
There is an open door here.
You barely miss the orc.
The orc hits you with a +2 war axe of freezing!
The orc freezes you.
You claw the orc!
You kill the orc!
You closely miss the orc. The orc barely misses you.
You claw the orc!
You kill the orc!
You scratch the orc priest but do no damage.
The orc priest hits you with a +2 hand axe of venom!
You claw the orc priest!
The orc priest is almost dead.
You barely miss the orc. You scratch the orc.
The orc is heavily wounded.
The orc hits you with a +0 flail!
You scratch the orc.
The orc is severely wounded.
The orc priest invokes the aid of Beogh against you.
Beogh smites you!
* * * LOW HITPOINT WARNING * * *
The orc closely misses you.
You claw the orc!
You kill the orc!
The orc priest hits you but does no damage.
You are poisoned.
The orc hits you with a +0 club.
* * * LOW HITPOINT WARNING * * *
Items here: ))) [ †††.
It was a potion of attraction.
You feel attractive to monsters.
You die...

##.##....##.####
##...###.##..##
#..⌠..##+
#...#### ##...##
###....# ##)##
#.##.# +'#
#+##.## ##.##
##.##..# ##...##
##..o##.#
#..⌠..#
#...oh'.#
##...##
##...##.# ##.##
##.# #.# #'# ++
#.# ##.## #.#
##...## #.#
##..⌠..# +.#
.##...## .#
..##.##


You could see an orc priest and an orc.

Vanquished Creatures
  Jessica (D:3)
  2 adders
  4 worms
  2 dart slugs
  9 orcs
  2 ball pythons
  3 endoplasms
  2 giant cockroaches (D:1)
  7 goblins
  6 hobgoblins
  5 kobolds
  7 bats
  4 frilled lizards
  7 rats
61 creatures vanquished.

Notes
Turn   | Place    | Note
-------+----------+-------------------------------------------
     0 | D:1      | gelatine the Troll Shapeshifter began the quest for the
                  | Orb.
     0 | D:1      | Reached XP level 1. HP: 18/18 MP: 0/0
   217 | D:1      | Found a faded altar of an unknown god.
   322 | D:1      | Reached XP level 2. HP: 24/26 MP: 1/1
   789 | D:2      | Reached XP level 3. HP: 32/32 MP: 2/2
   920 | D:2      | Reached skill level 1 in Fighting
  1527 | D:3      | Reached XP level 4. HP: 41/41 MP: 3/3
  1656 | D:3      | Found a stormy altar of Qazlal.
  1688 | D:3      | Noticed Jessica
  1693 | D:3      | Killed Jessica
  1694 | D:3      | Reached skill level 4 in Unarmed Combat
  1872 | D:4      | Found a glowing golden altar of the Shining One.
  1989 | D:4      | HP: 2/41 [orc/+0 club (4)]
  1990 | D:4      | Succumbed to an orc priest's poison

Illustrated notes

Levels and vault maps discovered:
D:1:      doesnt_arrival_eight_statues, layout_rooms, serial_forest,
          infiniplex_forest_end_3, infiniplex_forest_clump_curved,
          infiniplex_forest_straight_2, infiniplex_forest_3_way,
          infiniplex_forest_side_room, infiniplex_forest_clump_diagonal,
          dreamdust_ecumenical_altar_statues
D:2:      layout_rooms
D:3:      layout_loops_ring, mainiacjoe_overflow_boulevard,
          chequers_serial_rivers_small_b, uniq_jessica
D:4:      layout_rooms, overflow_temple_1_default, roderic_batcave,
          nicolae_hexahallways, minmay_box_of_dots

Skill      XL: |  1  2  3  4 |
---------------+-------------+-----
Fighting       | 1 |  1.5
Unarmed Combat | 4 |  4.3
Dodging        | |  1.8
Stealth        | |  0.6
Shapeshifting  | |  3.6

Action                     |  1- 3 |  4- 6 || total
---------------------------+-------+-------++-------
  Melee: Unarmed           |   162 |    45 ||   207
         Punch             |     7 |       ||     7
  Throw: Stone             |       |     5 ||     5
    Use: Potion            |       |     1 ||     1
   Stab: Sleeping          |     2 |       ||     2
 Armour: Animal skin       |    58 |    24 ||    82
  Dodge: Dodged            |    32 |    19 ||    51

Table legend: (Time is in decaauts)
 A = Elapsed time spent in this place.
 B = Non-inter-level travel time spent in this place.
 C = Inter-level travel time spent in this place.
 D = Time resting spent in this place.
 E = Time spent auto-exploring this place.
 F = Levels seen in this place.
 G = Mean time per level.
                   A        B        C        D        E       F      G
               +--------+--------+--------+--------+--------+-----+--------+
         Total |   1976 |   1880 |     96 |      0 |   1354 |   4 |  494.0 |
       Dungeon |   1976 |   1880 |     96 |      0 |   1354 |   4 |  494.0 |
               +--------+--------+--------+--------+--------+-----+--------+

Top non-repeatable levels by time:
     D:1: 749 daAuts
     D:3: 628 daAuts
     D:2: 462 daAuts
     D:4: 135 daAuts
